 Dungeon Crawl Stone Soup version 0.19.3-1-g3169bf9 (console) character file.

841 Kloppie the Chopper (level 7, -1/61 HPs)
             Began as a Mottled Draconian Berserker on Jan 24, 2017.
             Was a Priest of Trog.
             Killed from afar by Blork the orc (6 damage)
             ... with a puff of frost
             ... on level 4 of the Dungeon.
             The game lasted 00:05:12 (4236 turns).

Kloppie the Chopper (Mottled Draconian Berserker)   Turns: 4236, Time: 00:05:12

Health: -1/61      AC:  6    Str: 19    XL:     7   Next: 67%
Magic:  7/7        EV: 14    Int:  8    God:    Trog [***...]
Gold:   165        SH:  0    Dex: 12    Spells: 0 memorised, 6 levels left

rFire  . . .     SeeInvis .     a - +0 hand axe
rCold  . . .     Gourm    .     (armour unavailable)
rNeg   . . .     Faith    .     (no shield)
rPois  .         Spirit   .     (helmet restricted)
rElec  .         Reflect  .     (no cloak)
rCorr  .         Harm     .     (no gloves)
MR     ++...                    (no boots)
Stlth  +.........               (no amulet)
                                (no ring)
                                (no ring)

@: exhausted, short of breath, regenerating, slowed, very slow
A: breathe sticky flame splash, unfitting armour, cold-blooded, AC +6
a: Breathe Sticky Flame, Berserk, Trog's Hand, Burn Spellbooks, Renounce
Religion


You were on level 4 of the Dungeon.
You worshipped Trog.
Trog was most pleased with you.
You were not hungry.

You visited 1 branch of the dungeon, and saw 4 of its levels.

You collected 165 gold pieces.

Inventory:

Hand Weapons
 a - a +0 hand axe (weapon)
Wands
 r - a wand of random effects (14/48)
Scrolls
 g - 2 scrolls of fear {unknown}
 m - a scroll of magic mapping {unknown}
 n - a scroll of recharging {unknown}
 p - a scroll of teleportation {unknown}
 q - 2 scrolls of remove curse {unknown}
 s - 2 scrolls of fog {unknown}
Potions
 d - a potion of flight
Comestibles
 b - 2 bread rations
 c - 5 fruits
 f - 2 chunks of flesh
 o - a meat ration


   Skills:
 - Level 5.0 Fighting
 + Level 6.8 Axes
 + Level 5.3 Dodging


You had 6 spell levels left.
You didn't know any spells.

Dungeon Overview and Level Annotations

Branches:
Dungeon (4/15)
 Temple: D:4-7

Altars:
Xom

Annotations:
D:4 Blork the orc


Innate Abilities, Weirdness & Mutations

You can spit globs of burning liquid.
You can ignite nearby creatures when you spit burning liquid.
Your weird mottled scales are hard. (AC +6)
You cannot fit into any form of body armour.
You are cold-blooded and may be slowed by cold attacks.


Message History

Blork the orc is severely wounded.
Blork the orc burns!
Blork the orc completely misses you.
Blork the orc gestures at you while chanting.
The magic dart hits you!
* * * LOW HITPOINT WARNING * * *
You hit Blork the orc but do no damage.
You tail-slap Blork the orc, but do no damage.
Blork the orc is almost dead.
Blork the orc burns!
Something hits you.
* * * LOW HITPOINT WARNING * * *
Something hits you but does no damage.
You barely miss something.
The jackal barks!
You tail-slap something.
You feel the effects of Trog's Hand fading.
Something barely misses you.
You hear some strange, mumbled words.
A puff of frost appears from out of thin air!
The puff of frost hits you!
You die...

# #. #. .> ..#..
#[##.# #.#..
..... ....#
#...###.#.#
#...#<#.#.#
#...#)#.#.#
#.....#.#.######
#.......@.....h.
#.......#{......
################


You could see a jackal.

Vanquished Creatures
  The ghost of Kloppie the Chopper, a novice FoBe of Trog (D:4)
  An orc priest (D:3)
  An orc wizard (D:3)
  20 gnolls
  7 adders
  2 oozes
  2 worms
  A dart slug (D:2)
  A leopard gecko (D:1)
  12 orcs (D:3)
  6 goblins
  5 hobgoblins
  14 jackals (D:3)
  A quokka (D:3)
  A ball python (D:2)
  8 bats
  3 frilled lizards
  12 kobolds
  7 rats
  A butterfly (D:2)
106 creatures vanquished.

Notes
Turn   | Place    | Note
-------+----------+-------------------------------------------
     0 | D:1      | Kloppie the Draconian Berserker began the quest for the Orb.
     0 | D:1      | Reached XP level 1. HP: 19/19 MP: 1/1
   560 | D:1      | Reached XP level 2. HP: 26/27 MP: 2/2
  1074 | D:2      | Reached ** piety under Trog
  1136 | D:2      | Reached XP level 3. HP: 28/33 MP: 3/3
  1281 | D:2      | Found a shimmering altar of Xom.
  1778 | D:2      | Reached skill level 4 in Axes
  1778 | D:2      | Reached XP level 4. HP: 23/41 MP: 4/4
  2166 | D:2      | Reached skill level 5 in Fighting
  2573 | D:3      | Reached XP level 5. HP: 32/48 MP: 5/5
  2967 | D:3      | Reached skill level 5 in Axes
  2990 | D:3      | Reached *** piety under Trog
  3541 | D:3      | Reached XP level 6. HP: 49/56 MP: 6/6
  4210 | D:4      | Noticed Kloppie's ghost (novice FoBe)
  4211 | D:4      | Noticed Blork the orc
  4230 | D:4      | Killed Kloppie's ghost
  4230 | D:4      | Reached skill level 6 in Axes
  4230 | D:4      | Reached skill level 5 in Dodging
  4230 | D:4      | Your scales start taking on a weird mottled colour.
  4230 | D:4      | Reached XP level 7. HP: 12/61 MP: 7/7
  4235 | D:4      | HP: 3/61 [something (2)]
  4236 | D:4      | Killed from afar by Blork the orc

Skill      XL: |  1  2  3  4  5  6 |
---------------+-------------------+-----
Fighting       | 4 5 |  5.0
Axes           | 4 5 6 |  6.8
Dodging        | 3 5 |  5.3

Action                   |  1- 3 |  4- 6 |  7- 9 || total
-------------------------+-------+-------+-------++-------
Melee: Hand axe          |   117 |   265 |     5 ||   387
       Tailslap          |     9 |    34 |     2 ||    45
Invok: Berserk           |     1 |     9 |       ||    10
       Trog's Hand       |       |     3 |       ||     3
 Abil: Breathe Sticky Fl |       |       |     1 ||     1
  Use: Potion            |       |     7 |       ||     7
 Stab: Sleeping          |     1 |       |       ||     1
  Eat: Chunk             |     2 |    13 |       ||    15
       Meat ration       |       |     1 |       ||     1
       Pizza             |       |     1 |       ||     1
Armor: Skin              |    29 |    72 |     1 ||   102
Dodge: Dodged            |    87 |   214 |     6 ||   307
